Frizzbo, neutral female gnomish Wizard ----- |...| #....| ---------- #|...-######## ###############.>........#### ########## #|...| ### # |.------.| # ---------.-- #----- ### # |.| |.| #V##G###...........| #### ### # `########-.------.| # # |..........| # # # |.........## ###|.<........| # #######`####### -----.---- #...........| # # # # ----------.- # ### ## ### # # # ## # ## --------### #### ### ---.- |.......# # # # |...| |......| #####%################ # |...| |.......###############--.-|---- --.-.- |...| -------- #|.......| #|..%.| ----- #|........######|...|| #--------- ------ Frizzbo the Magician Experience level: 10 Strength: 14 Dexterity: 10 Constitution: 17 Intelligence: 14 Wisdom: 19 Charisma: 7 Health: 70(70) Energy: 151(161) Def: 3 Gold: 61 Moves: 14397 Dungeon seed: XId5GGuOaS13Av7D Game ID: Frizzbo_1466010222 Your Inventory: Coins $ - 61 gold pieces Amulets S - an uncursed amulet of ESP (being worn) Weapons w - an uncursed rusty +2 aklys (weapon in hand) Armor n - an uncursed +0 mummy wrapping D - a blessed fireproof +0 cloak of magic resistance (being worn) Y - an uncursed +0 leather armor (being worn) Comestibles c - an uncursed egg A - an uncursed food ration Tools e - a blessed +0 unicorn horn f - an uncursed skeleton key s - a blessed bag of holding E - a blessed magic lamp (lit) Q - an uncursed stethoscope V - an uncursed bag of holding named blank Contents of the bag of holding: 2468 gold pieces an uncursed clove of garlic an uncursed egg an uncursed partly eaten food ration an uncursed food ration 2 uncursed lichen corpses an uncursed slime mold an uncursed sprig of wolfsbane an uncursed tin of lichen 3 uncursed tripe rations a blessed scroll of blank paper 4 uncursed scrolls of blank paper a cursed scroll of blank paper a blessed scroll of charging an uncursed scroll of charging an uncursed scroll of confuse monster a blessed scroll of create monster an uncursed scroll of create monster 2 uncursed scrolls of earth an uncursed scroll of enchant armor an uncursed scroll of enchant weapon an uncursed scroll of fire a cursed scroll of gold detection a cursed scroll of light an uncursed scroll of scare monster 2 uncursed scrolls of stinking cloud 3 uncursed scrolls of teleportation a cursed scroll of teleportation an uncursed scroll of water a cursed scroll of water an uncursed potion of acid 5 uncursed potions of booze an uncursed potion of enlightenment an uncursed potion of extra healing an uncursed potion of gain energy an uncursed potion of gain level a blessed potion of hallucination a blessed potion of healing 3 potions of holy water 3 uncursed potions of object detection an uncursed potion of restore ability an uncursed potion of speed 3 uncursed potions of water an uncursed ring of cold resistance an uncursed ring of invisibility an uncursed ring of regeneration an uncursed ring of sustain ability an uncursed wand of light (0:14) an uncursed wand of make invisible (0:5) an uncursed wand of sleep (0:7) an uncursed wand of speed monster (0:2) an uncursed wand of speed monster (0:0) an uncursed wand of striking (0:5) an uncursed wand of striking (0:5) an uncursed wand of striking (0:1) an uncursed magic marker (0:28) an uncursed mirror an uncursed tin opener Contents of the bag of holding named blank: a cursed diluted potion of paralysis Spells and supernatural/magical abilities: Name Level Category Fail Memory a - force bolt 1 attack 0% 29% d - dig 5 matter 100% 39% f - fireball 4 attack 0% 29% m - magic missile 2 attack 0% 51% w - wizard lock 2 matter 0% 29% M - magic mapping 5 divination 100% 76% W - pray for help -- divine ? -- Your skills at the end: Miscellaneous Skills wands [Basic] Weapon Skills club [Basic] quarterstaff [Basic] crossbow [Basic] Spellcasting Skills attack spells [Expert] enchantment spells [Basic] matter spells [Basic] Final Attributes: You were stridently aligned. You were poison resistant. You were magic-protected. You were telepathic. You had infravision. You were invisible. You were fast. You are dead. Vanquished creatures: a golden naga a ghost 2 giant mimics 2 large mimics a black naga 2 small mimics an ettin mummy a quantum mechanic an electric eel a tiger 3 chameleons an elf mummy a leather golem a succubus a cockatrice a panther a gremlin 2 leprechauns a spotted jelly a mumak a scorpion an iron piercer a horse an ice vortex a black light a forest centaur a brown pudding 2 rust monsters a gold golem a werewolf 2 dogs 2 dingos a jaguar 3 water nymphs a white unicorn a human zombie 2 soldier ants a bugbear 4 wood nymphs 9 Uruk-hai 4 rock moles 3 rock piercers 5 fog clouds a yellow light 2 shriekers a violet fungus a gnome lord 5 kobold mummies a golden naga hatchling a barrow wight 4 elf zombies a ghoul a straw golem 3 paper golems 4 giant ants 10 floating eyes 2 kittens a dwarf a kobold lord a kobold shaman 3 iguanas 3 hill orcs a rothe 2 rabid rats 4 monkeys 7 orc zombies a dwarf zombie 3 wererats 2 werejackals 8 killer bees a coyote 5 gas spores 8 hobbits 5 acid blobs 5 large kobolds 9 geckos 7 giant rats 9 cave spiders 5 brown molds 3 yellow molds 2 green molds 4 red molds 4 gnomes 13 garter snakes 8 manes 5 gnome zombies 18 jackals 4 foxes 6 kobolds 9 newts 7 goblins 18 sewer rats 22 grid bugs 6 bats 15 lichens a kobold zombie 348 creatures vanquished. Voluntary challenges: You used a wielded weapon 305 times, starting on turn 72. You did not apply a unicorn horn. You read items or engraved 96 times, starting on turn 99. You never genocided any monsters. You never polymorphed an object. You never changed form. You completed Sokoban on turn 7358, according to the rules. You used no wishes. You never split a pudding. You never wrote Elbereth's name. You violated your moral code, losing 7 points of alignment, starting on turn 6983. Dungeon overview: The Dungeons of Doom: levels 1 to 8 Level 1 a long staircase Level 2 a fountain Level 3 a fountain stairs to The Gnomish Mines Level 4 a fountain Level 5 a general store Level 6 many fountains Level 7 stairs to Sokoban Level 8 <- You were here The Gnomish Mines: levels 4 to 11 Level 4 stairs to The Dungeons of Doom Level 5 Level 6 many shops, a temple to Anhur, a magic chest, some fountains, a sink Level 7 Level 8 Level 9 Level 10 Level 11 a magic chest Sokoban: levels 3 to 6 Level 3 a magic chest Level 4 Level 5 Level 6 a magic chest stairs to The Dungeons of Doom History has recorded: On T:1 you entered the Dungeons of Doom to retrieve the Amulet of Yendor! On T:261 you advanced to experience level 2. On T:654 you reached level 2 of The Dungeons of Doom. On T:1011 you reached level 3 of The Dungeons of Doom. On T:1074 you advanced to experience level 3. On T:1490 you advanced to experience level 4. On T:1551 you reached level 4 of The Dungeons of Doom. On T:1816 you advanced to experience level 5. On T:1880 you reached level 6 of The Dungeons of Doom. On T:1892 you reached level 5 of The Dungeons of Doom. On T:2548 you advanced to experience level 6. On T:3521 you advanced to experience level 7. On T:3522 you received advice from The Oracle. On T:3522 you advanced to experience level 8. On T:4082 you reached level 7 of The Dungeons of Doom. On T:4429 you reached level 4 of Sokoban. On T:4468 you opened a magic chest. On T:4470 you opened a magic chest. On T:4472 you opened a magic chest. On T:4661 you reached level 3 of Sokoban. On T:5108 you reached level 2 of Sokoban. On T:5850 you reached level 1 of Sokoban. On T:7358 you advanced to experience level 9. On T:7358 you entered the Sokoban zoo. On T:7469 you opened a magic chest. On T:8106 you reached level 1 of The Gnomish Mines. On T:8450 you reached level 2 of The Gnomish Mines. On T:8707 you reached level 3 of The Gnomish Mines. On T:8879 you entered the Minetown temple On T:8920 you opened a magic chest. On T:8956 you opened a magic chest. On T:9458 you reached level 4 of The Gnomish Mines. On T:9559 you opened a magic chest. On T:10072 you reached level 5 of The Gnomish Mines. On T:10402 you reached level 6 of The Gnomish Mines. On T:10790 you reached level 7 of The Gnomish Mines. On T:11281 you reached level 8 of The Gnomish Mines. On T:11281 you reached the bottom of the Mines. On T:11740 you opened a magic chest. On T:11740 you opened a magic chest. On T:11741 you opened a magic chest. On T:11862 you opened a magic chest. On T:11916 you opened a magic chest. On T:12784 you advanced to experience level 10. On T:13310 you opened a magic chest. On T:14053 you reached level 8 of The Dungeons of Doom. Score breakdown: Gold: 2529 ( 252 points) Experience: 10 levels ( 900 points) Exploration: 11 levels ( 300 points) Discoveries: 34 items ( 1700 points) Variety of kills: 96 monsters ( 2000 points) Major goal: Sokoban/Mines ( 1500 points) Survival: died (score multiplied by 3) Total score: 19956 Latest messages: You hear some noises in the distance. Something is written here in the dust. You read: "V|?d wa? here". You start talking, but nobody seems to hear you. You displace Taco. Nowhere else around here can be automatically explored. You displace Drazil. There are a few objects here. You displace Taco. You displace Drazil. There are a few objects here. You displace Taco. You see here a floating eye corpse. You hit the cockatrice. (2x) The cockatrice bumps right into you! You hit the cockatrice. You kill the cockatrice! You see here a cockatrice corpse. Touching the cockatrice corpse is a fatal mistake... You turn to stone... Final status: Goodbye Frizzbo the Wizard, petrified by picking up a cockatrice corpse... You turned to stone in The Dungeons of Doom on dungeon level 8 with 19956 points, and 2529 pieces of gold, after 14397 moves. You were level 10 with a maximum of 70 hit points when you turned to stone.